 Dungeon Crawl Stone Soup version 0.18-a0-946-g3ac5b32 (webtiles) character file.

1918 JokEr the Fighter (level 8, -9/80 HPs)
             Began as a Minotaur Fighter on Dec 29, 2015.
             Was a Follower of the Shining One.
             Mangled by a white ugly thing (16 damage)
             ... on level 7 of the Dungeon.
             The game lasted 00:11:35 (5724 turns).

JokEr the Fighter (Minotaur Fighter)                Turns: 5724, Time: 00:11:35

Health: -9/80      AC: 14    Str: 23    XL:     8   Next: 95%
Magic:  7/7        EV:  7    Int:  5    God:    the Shining One [*.....]
Gold:   370        SH:  9    Dex: 10    Spells: 0 memorised, 7 levels left

rFire  . . .     SeeInvis .     a - +1 war axe
rCold  . . .     Gourm    .     b - +0 scale mail
rNeg   . . .     Faith    .     c - +0 shield
rPois  .         Spirit   .     (helmet restricted)
rElec  .         Dismiss  .     (no cloak)
rCorr  .         Reflect  .     x - +2 pair of gloves
SustAt .         Harm     .     (no boots)
MR     .....                    m - amulet of regeneration
Stlth  ..........               (no ring)
                                p - +4 ring of protection

@: glowing, not resistant to hostile enchantments, extremely unstealthy
A: retaliatory headbutt, horns 2
a: Renounce Religion


You were on level 7 of the Dungeon.
You worshipped the Shining One.
The Shining One was aware of your devotion.
You were hungry.

You visited 2 branches of the dungeon, and saw 8 of its levels.

You collected 370 gold pieces.

Inventory:

Hand Weapons
 a - a +1 war axe (weapon)
Armour
 b - a +0 scale mail (worn)
 c - a +0 shield (worn)
 x - a +2 pair of gloves (worn)
Jewellery
 m - an amulet of regeneration (around neck)
 p - a +4 ring of protection (left hand)
Wands
 d - a wand of frost (12/48)
 e - a wand of polymorph (17/24)
 s - a wand of slowing (15/48)
Scrolls
 l - 6 scrolls of remove curse
 o - a scroll of amnesia
 r - a scroll of enchant weapon
 v - 2 scrolls of identify
Potions
 h - 2 potions of degeneration {unknown}
 i - 3 potions of curing
 j - a potion of beneficial mutation {unknown}
 k - 2 potions of lignification {unknown}
 q - a potion of ambrosia {unknown}
 w - a potion of heal wounds {unknown}
Comestibles
 f - 2 bread rations
 g - 6 meat rations
 n - a slice of pizza
 t - a beef jerky
 u - 3 fruits


   Skills:
 + Level 10.3 Fighting
 + Level 10.2 Axes
 - Level 3.6 Armour
 - Level 3.6 Shields


You had 7 spell levels left.
You didn't know any spells.

Dungeon Overview and Level Annotations

Branches:
Dungeon (7/15)             Temple (1/1) D:5

Altars:
Ashenzari
Cheibriados
Dithmenos
Elyvilon
Fedhas
Gozag
Kikubaaqudgha
Nemelex Xobeh
Okawaru
Pakellas
Qazlal
Ru
Sif Muna
Vehumet
Zin
The Shining One


Innate Abilities, Weirdness & Mutations

You reflexively headbutt those who attack you in melee.
You have a pair of horns on your head.


Message History

There is an open door here.
Drink which item? (? for menu, Esc to quit)
Okay, then.
You slash the white ugly thing! You headbutt the white ugly thing!
The white ugly thing is moderately wounded.
The white ugly thing kicks you! The white ugly thing freezes you!
You barely miss the white ugly thing.
The white ugly thing is moderately wounded.
The white ugly thing kicks you but does no damage.
You slash the white ugly thing!
The white ugly thing is heavily wounded.
The white ugly thing kicks you! The white ugly thing freezes you!!
* * * LOW HITPOINT WARNING * * *
You are feeling hungry.
There is an open door here.
There's a creature in the doorway!
The white ugly thing kicks you!
* * * LOW HITPOINT WARNING * * *
The white ugly thing freezes you!
You die...

.... . +# ..# ... .##.# ..#
.... ..#.# # ..# #.....##
#.#.##.# ... +....... ......>
######.#..###..######....
##...#.#..#........##†.#
.....#.#..#.###....##..#
.....#.##...#...@u.'...#
........#.#.#.###..###.....#
..............#.....######.#
..........##..#.###.....#
..........#.....#.....#.#
..........#..#^.#.....#.#
..........#..#..........##+###
...###+#.....#.#.#...........#
..## #.'.........##..........#


You could see a white ugly thing.

Vanquished Creatures
  Grinder (D:4)
  Sigmund (D:4)
  A phantom (D:4)
  4 ogres
  2 giant frogs
  2 scorpions
  2 crimson imps
  4 orc wizards
  A jelly (D:5)
  A quasit (D:7)
  2 centaur skeletons
  2 orc priests (D:4)
  Natasha (thrice) (D:4)
  4 iguanas
  4 worker ants
  10 adders
  3 shadow imps
  An adder skeleton (D:5)
  2 worms
  5 giant geckos
  16 orcs
  A ball python (D:1)
  6 goblins
  10 hobgoblins
  7 jackals
  14 kobolds
  4 quokkas
  14 bats
  7 giant cockroaches
  A giant gecko skeleton (D:5)
  6 giant newts
  8 rats
  A plant (D:4)
150 creatures vanquished.

Vanquished Creatures (others)
  A quokka (D:6)
1 creature vanquished.

Grand Total: 151 creatures vanquished

Notes
Turn   | Place    | Note
--------------------------------------------------------------
     0 | D:1      | JokEr the Minotaur Fighter began the quest for the Orb.
     0 | D:1      | Reached XP level 1. HP: 19/19 MP: 0/0
   270 | D:1      | Reached XP level 2. HP: 27/27 MP: 1/1
   276 | D:1      | Reached skill level 4 in Fighting
   693 | D:1      | Reached XP level 3. HP: 34/34 MP: 2/2
  1256 | D:2      | Reached XP level 4. HP: 39/41 MP: 3/3
  1747 | D:3      | Reached skill level 5 in Fighting
  1870 | D:3      | Found a glowing golden altar of the Shining One.
  1960 | D:3      | Found a sacrificial altar of Ru.
  1961 | D:3      | Reached XP level 5. HP: 48/48 MP: 4/4
  2000 | D:3      | Found an opulent altar of Gozag.
  2135 | D:3      | Found a faded altar to an unknown god.
  2441 | D:4      | Noticed Grinder
  2445 | D:4      | Noticed Natasha
  2449 | D:4      | Reached skill level 5 in Axes
  2456 | D:4      | Killed Natasha
  2460 | D:4      | Got a brightly glowing dagger
  2461 | D:4      | Paralysed by Grinder for 5 turns
  2472 | D:4      | HP: 2/50 [Grinder (4)]
  2476 | D:4      | Paralysed by Grinder for 5 turns
  2575 | D:4      | Killed Grinder
  2575 | D:4      | Reached skill level 6 in Fighting
  2575 | D:4      | Reached XP level 6. HP: 42/58 MP: 5/5
  2605 | D:4      | Identified the +5 dagger "Gaqy" {speed, +Fly Str+7} (You found it on level 4 of the Dungeon)
  2638 | D:4      | Reached skill level 7 in Fighting
  2678 | D:4      | Noticed Natasha
  2683 | D:4      | Killed Natasha
  2684 | D:4      | Noticed Sigmund
  2722 | D:4      | Killed Sigmund
  2722 | D:4      | Reached XP level 7. HP: 8/67 MP: 6/6
  2917 | D:4      | Reached skill level 8 in Fighting
  2992 | D:4      | Found a shadowy altar of Dithmenos.
  3184 | D:4      | Noticed Natasha
  3192 | D:4      | Killed Natasha
  3217 | D:4      | Reached XP level 8. HP: 65/75 MP: 7/7
  3802 | D:5      | Entered Level 5 of the Dungeon
  4073 | D:5      | Reached skill level 9 in Fighting
  4250 | D:5      | Found a staircase to the Ecumenical Temple.
  4258 | Temple   | Entered the Ecumenical Temple
  4477 | D:3      | Became a worshipper of the Shining One
  5332 | D:6      | Found a white marble altar of Elyvilon.
  5372 | D:6      | Reached skill level 10 in Fighting
  5402 | D:6      | Found a radiant altar of Vehumet.
  5561 | D:7      | Reached skill level 10 in Axes
  5594 | D:7      | Found an iron altar of Okawaru.
  5642 | D:7      | Reached * piety under the Shining One
  5711 | D:7      | Noticed a white ugly thing
  5724 | D:7      | Mangled by a white ugly thing

Vault maps used:
D:1:      lightli_arrival_boilingwater, serial_park_tiny_pond
D:3:      hangedman_ru_absence, nicolae_gozag_cash_rules_everything_around_me,
          lemuel_doored_altar, ecumenical_altar_1, first_bread
D:4:      nicolae_dithmenos_shadow_blocks, minivault_1, kennysheep_boxes,
          uniq_natasha, uniq_grinder, uniq_sigmund
D:5:      minmay_temple_entry_large_hall, minmay_crystal_room
D:6:      overflow_temple_1_default, elyvilon_altar_4,
          grunt_temple_overflow_champion_of_chaos,
          hangedman_abyss_or_decor_passed
D:7:      kennysheep_little_box, basic_altar, hangedman_abyss_or_decor_stabs
Temple:   chambers_temple_10

Action                   |  1- 3 |  4- 6 |  7- 9 || total
-------------------------+-------+-------+-------++-------
Melee: War axe           |   127 |   101 |   188 ||   416
  Use: Scroll            |       |     5 |     5 ||    10
       Potion            |       |     1 |       ||     1
  Eat: Chunk             |     1 |     3 |     5 ||     9
       Royal jelly       |       |     1 |       ||     1
       Bread ration      |       |       |     1 ||     1
